 Dungeon Crawl Stone Soup version 0.21.1-1-g345015fe64 (webtiles) character file.

130 IceCat the Shield-Bearer (level 5, -5/33 HPs)
             Began as a Gargoyle Fighter on July 26, 2018.
             Killed by divine providence
             ... invoked by an orc priest
              (14 damage)
             ... on level 3 of the Dungeon.
             The game lasted 00:05:43 (1605 turns).

IceCat the Shield-Bearer (Gargoyle Fighter)         Turns: 1605, Time: 00:05:43

Health: -5/33      AC: 12    Str: 20    XL:     5   Next: 14%
Magic:  5/5        EV:  7    Int:  9    God:
Gold:   78         SH:  9    Dex:  9    Spells: 4/4 levels left

rFire    . . .     SeeInvis .   a - +0 long sword
rCold    . . .     Gourm    .   c - +0 shield
rNeg     + . .     Faith    .   b - +0 scale mail
rPois    ∞         Spirit   .   i - +0 helmet
rElec    +         Reflect  .   (no cloak)
rCorr    .         Harm     .   (no gloves)
MR       .....                  (no boots)
Stlth    ..........             (no amulet)
HPRegen  0.11/turn              h - ring of flight
MPRegen  0.09/turn              l - ring of loudness (curse)

@: no status effects
A: negative energy resistance 1, electricity resistance, unbreathing,
petrification resistance, rot immunity, AC +4
a: Evoke Flight


You were on level 3 of the Dungeon.
You were not hungry.

You visited 1 branch of the dungeon, and saw 3 of its levels.

You collected 78 gold pieces.

Inventory:

Hand Weapons
 a - a +0 long sword (weapon)
Armour
 b - a +0 scale mail (worn)
 c - a +0 shield (worn)
 i - a +0 helmet (worn)
Jewellery
 h - a ring of flight (left hand)
 l - a cursed ring of loudness (right hand)
Wands
 u - a wand of clouds (6)
Scrolls
 e - a scroll of enchant armour {unknown}
 j - 2 scrolls of remove curse {unknown}
 k - a scroll of random uselessness {unknown}
 n - 2 scrolls of immolation {unknown}
 o - a scroll of identify {unknown}
 p - 3 scrolls of teleportation {unknown}
 s - a scroll of amnesia {unknown}
 t - a scroll of fog {unknown}
 w - a scroll of blinking {unknown}
Potions
 d - 2 potions of might
 m - 2 potions of agility {unknown}
 q - a potion of heal wounds {unknown}
 r - a potion of mutation {unknown}
 v - a potion of magic {unknown}
Comestibles
 f - 4 rations
 g - 4 chunks of flesh


   Skills:
 + Level 3.8 Fighting
 + Level 3.1 Long Blades
 + Level 3.9 Armour
 + Level 0.6 Dodging
 + Level 0.9 Stealth
 + Level 4.1 Shields


You had 4 spell levels left.
You didn't know any spells.

Dungeon Overview and Level Annotations

Branches:
Dungeon (3/15)

Altars:


Innate Abilities, Weirdness & Mutations

You are resistant to torment.
Your stone body is resilient. (AC +4)
You are immune to poison.
You resist negative energy. (rN+)
You are resistant to electric shocks. (rElec)
You can survive without breathing.
You are immune to petrification.
You are immune to rotting.


Message History

The orc priest is lightly wounded.
The orc priest hits you but does no damage.
You slash the orc priest!
The orc priest is severely wounded.
The orc priest hits you with a flail.
* * * LOW HITPOINT WARNING * * *
You barely miss the orc priest.
The orc priest is severely wounded.
You block the orc priest's attack.
You hit the orc priest.
The orc priest is almost dead.
You block the orc priest's attack.
You barely miss the orc priest.
The orc priest is almost dead.
The orc priest looks encouraged for a moment.
You hit the orc priest but do no damage.
The orc priest is almost dead.
The orc priest invokes the aid of Beogh against you.
Beogh smites you!
You die...

.# # .. # #. #
#.#########
########.##
#....So@..#
#.....# ..#
#########.##
#.....# #.# #....#
#.....###.#
#....###..........
#............###.#
###.#........÷.#..
#.#..........##.
#............##.
#######......##.


You could see an orc priest and an adder.

Vanquished Creatures
  4 adders
  An ooze (D:1)
  A worm (D:2)
  A dart slug (D:1)
  3 leopard geckos
  9 orcs (D:3)
  6 giant cockroaches
  8 hobgoblins
  2 jackals (D:2)
  A quokka (D:2)
  8 bats
  7 frilled lizards
  6 goblins
  6 kobolds
  11 rats
74 creatures vanquished.

Notes
Turn   | Place    | Note
-------+----------+-------------------------------------------
     0 | D:1      | IceCat the Gargoyle Fighter began the quest for the Orb.
     0 | D:1      | Reached XP level 1. HP: 14/14 MP: 1/1
    27 | D:1      | Reached XP level 2. HP: 19/19 MP: 2/2
   226 | D:1      | Reached XP level 3. HP: 23/23 MP: 3/3
   908 | D:2      | Reached XP level 4. HP: 25/29 MP: 4/4
  1167 | D:2      | Reached skill level 4 in Shields
  1539 | D:3      | Reached XP level 5. HP: 33/33 MP: 5/5
  1605 | D:3      | Killed from afar by an orc priest

Skill      XL: |  1  2  3  4 |
---------------+-------------+-----
Long Blades    | 2 3 |  3.1
Shields        | 4 |  4.1
Fighting       | |  3.8
Armour         | |  3.9
Dodging        | |  0.6
Stealth        | |  0.9

Action                   |  1- 3 |  4- 6 || total
-------------------------+-------+-------++-------
Melee: Long sword        |   129 |   142 ||   271
  Eat: Chunk             |       |     3 ||     3
Armor: Scale mail        |    89 |    81 ||   170
Dodge: Dodged            |    28 |    41 ||    69
Block: Shield            |    87 |    69 ||   156
       Rpst.: Long sword |    10 |    13 ||    23
